| TOP OF THE 1ST |
|
Lakewood BlueClaws batting - Pitching for Atlanta (MID) Braves : LHP Brian Gregory
|
|
Pitching: LHP Brian Gregory
|
|
|
Batting: RHB Joe Hewitt
|
0-0: Ball 1-0: Ground out U3 (Groundball, 3, EV 105.0 MPH)
|
|
Batting: RHB Mark Schultz
|
0-0: Foul Ball, location: 2F 0-1: Ball 1-1: Ball 2-1: Swinging Strike 2-2: SINGLE (Line Drive, 7LS, EV 91.9 MPH)
|
|
Batting: RHB Victor Arroyo
|
0-0: Ball 1-0: Ball 2-0: Foul Ball, location: 2F 2-1: Ball 3-1: Base on Balls Mark Schultz to second
|
|
Batting: LHB Alex Fernandez
|
0-0: Ball 1-0: Fly out, F3 (Popup, 3L, EV 79.4 MPH)
|
|
Batting: RHB Pablo Lopez
|
0-0: Fielders Choice at 2nd, U6 (Groundball, 6M, EV 88.8 MPH)
|
| Top of the 1st over - 0 runs, 1 hit, 0 errors, 2 left on base; Lakewood 0 - Atlanta (MID) 0 |
| BOTTOM OF THE 1ST |
|
Atlanta (MID) Braves batting - Pitching for Lakewood BlueClaws : RHP Joe Morse
|
|
Pitching: RHP Joe Morse
|
|
|
Batting: RHB Hisayuki Akiyama
|
0-0: Ball 1-0: Ball 2-0: Swinging Strike 2-1: Called Strike 2-2: Ball 3-2: Ground out 5-3 (Groundball, 56S, EV 87.5 MPH)
|
|
Batting: SHB Ian Arlotta
|
0-0: Ball 1-0: Foul Ball, location: 2F 1-1: SINGLE (Groundball, 34D, EV 104.4 MPH)
|
|
Batting: LHB Erik Gretzky
|
0-0: Called Strike Ian Arlotta steals 2nd base 0-1: Foul Ball, location: 2F 0-2: Ball 1-2: Ball 2-2: Ball 3-2: Fly out, F5 (Popup, 25F, EV 80.6 MPH)
|
|
Batting: LHB Ben Goldstein
|
0-0: Foul Ball, location: 2F 0-1: Ball 1-1: Ball 2-1: Foul Ball, location: 2F 2-2: Foul Ball, location: 2F 2-2: Ground out 4-3 (Groundball, 4, EV 83.1 MPH)
|
| Bottom of the 1st over - 0 runs, 1 hit, 0 errors, 1 left on base; Lakewood 0 - Atlanta (MID) 0 |
| TOP OF THE 2ND |
|
Lakewood BlueClaws batting - Pitching for Atlanta (MID) Braves : LHP Brian Gregory
|
|
Batting: SHB Brett St. Clair
|
0-0: Swinging Strike 0-1: Foul Ball, location: 2F 0-2: Ball 1-2: Ground out 6-3 (Groundball, 6, EV 111.2 MPH)
|
|
Batting: RHB Vaclav Been
|
0-0: Ball 1-0: Called Strike 1-1: Foul Ball, location: 2F 1-2: Ball 2-2: SINGLE (Groundball, 34D, EV 100.6 MPH)
|
|
Batting: RHB Frank Shelton
|
0-0: Fly out, F1 (Line Drive, P, EV 68.1 MPH) Lined into DP, 1-3 (Line Drive, P, EV 71.9 MPH)
|
| Top of the 2nd over - 0 runs, 1 hit, 0 errors, 0 left on base; Lakewood 0 - Atlanta (MID) 0 |
| BOTTOM OF THE 2ND |
|
Atlanta (MID) Braves batting - Pitching for Lakewood BlueClaws : RHP Joe Morse
|
|
Batting: RHB Jose Ramos
|
0-0: Ball 1-0: Ball 2-0: Called Strike 2-1: Fly out, F8 (Flyball, 8RM, EV 90.0 MPH)
|
|
Batting: RHB Badr al Din Ridha
|
0-0: Called Strike 0-1: Foul Ball, location: 2F 0-2: Ball 1-2: Ground out 4-3 (Groundball, 4, EV 103.8 MPH)
|
|
Batting: RHB Mike Shook
|
0-0: Ball 1-0: Ground out 4-3 (Groundball, 4M, EV 86.2 MPH)
|
| Bottom of the 2nd over - 0 runs, 0 hits, 0 errors, 0 left on base; Lakewood 0 - Atlanta (MID) 0 |
| TOP OF THE 3RD |
|
Lakewood BlueClaws batting - Pitching for Atlanta (MID) Braves : LHP Brian Gregory
|
|
Batting: RHB Pedro Mata
|
0-0: Ball 1-0: Ground out 5-3 (Groundball, 56, EV 81.9 MPH)
|
|
Batting: RHB Joe Hewitt
|
0-0: Called Strike 0-1: Ball 1-1: Ground out 6-3 (Groundball, 56, EV 86.9 MPH)
|
|
Batting: RHB Mark Schultz
|
0-0: Fly out, F7 (Flyball, 7, EV 78.8 MPH)
|
| Top of the 3rd over - 0 runs, 0 hits, 0 errors, 0 left on base; Lakewood 0 - Atlanta (MID) 0 |
| BOTTOM OF THE 3RD |
|
Atlanta (MID) Braves batting - Pitching for Lakewood BlueClaws : RHP Joe Morse
|
|
Batting: RHB Ingidayehu Lagat
|
0-0: Ball 1-0: Foul Ball, location: 2F 1-1: Ball 2-1: Ground out U3 (Groundball, 23, EV 83.8 MPH)
|
|
Batting: RHB David Zelaya
|
0-0: Called Strike 0-1: Swinging Strike 0-2: Ball 1-2: Ball 2-2: Strikes out swinging
|
|
Batting: RHB Hisayuki Akiyama
|
0-0: Ball 1-0: Foul Ball, location: 2F 1-1: Ground out 5-3 (Groundball, 56, EV 96.2 MPH)
|
| Bottom of the 3rd over - 0 runs, 0 hits, 0 errors, 0 left on base; Lakewood 0 - Atlanta (MID) 0 |
| TOP OF THE 4TH |
|
Lakewood BlueClaws batting - Pitching for Atlanta (MID) Braves : LHP Brian Gregory
|
|
Batting: RHB Victor Arroyo
|
0-0: Foul Ball, location: 2F 0-1: Swinging Strike 0-2: Foul Ball, location: 2F 0-2: Ball 1-2: Ball 2-2: Strikes out swinging
|
|
Batting: LHB Alex Fernandez
|
0-0: SINGLE (Line Drive, 9S, EV 96.9 MPH)
|
|
Batting: RHB Pablo Lopez
|
0-0: Ball 1-0: Swinging Strike 1-1: Grounds into double play, 4-6-3 (Groundball, 4, EV 85.0 MPH)
|
| Top of the 4th over - 0 runs, 1 hit, 0 errors, 0 left on base; Lakewood 0 - Atlanta (MID) 0 |
| BOTTOM OF THE 4TH |
|
Atlanta (MID) Braves batting - Pitching for Lakewood BlueClaws : RHP Joe Morse
|
|
Batting: SHB Ian Arlotta
|
0-0: Ground out 4-3 (Groundball, 4M, EV 106.9 MPH)
|
|
Batting: LHB Erik Gretzky
|
0-0: Ball 1-0: Ball 2-0: Called Strike 2-1: Ball 3-1: Base on Balls
|
|
Batting: LHB Ben Goldstein
|
0-0: Ball Erik Gretzky steals 2nd base (no throw) 1-0: Ground out 6-3 (Groundball, 6, EV 85.0 MPH) Erik Gretzky to third
|
|
Batting: RHB Jose Ramos
|
0-0: Ball 1-0: Called Strike 1-1: SINGLE (Groundball, 56, EV 80.0 MPH) (infield hit) Erik Gretzky scores
|
|
Batting: RHB Badr al Din Ridha
|
0-0: Ball 1-0: Ball 2-0: DOUBLE (Line Drive, 78XD, EV 107.5 MPH) Jose Ramos to third
|
|
Batting: RHB Mike Shook
|
0-0: Ball 1-0: Swinging Strike 1-1: Foul Ball, location: 2F 1-2: SINGLE (Groundball, 4S, EV 63.1 MPH) (infield hit) Jose Ramos scores Badr al Din Ridha to third
|
|
Batting: RHB Ingidayehu Lagat
|
0-0: Called Strike 0-1: Swinging Strike 0-2: Fielders Choice at 2nd, 6-4 (Groundball, 6, EV 107.5 MPH)
|
| Bottom of the 4th over - 2 runs, 3 hits, 0 errors, 2 left on base; Lakewood 0 - Atlanta (MID) 2 |
| TOP OF THE 5TH |
|
Lakewood BlueClaws batting - Pitching for Atlanta (MID) Braves : LHP Brian Gregory
|
|
Batting: SHB Brett St. Clair
|
0-0: Called Strike 0-1: Swinging Strike 0-2: Foul Ball, location: 2F 0-2: Strikes out looking
|
|
Batting: RHB Vaclav Been
|
0-0: Ground out 6-3 (Groundball, 56D, EV 105.6 MPH)
|
|
Batting: RHB Frank Shelton
|
0-0: Fly out, F6 (Line Drive, 6, EV 68.8 MPH)
|
| Top of the 5th over - 0 runs, 0 hits, 0 errors, 0 left on base; Lakewood 0 - Atlanta (MID) 2 |
| BOTTOM OF THE 5TH |
|
Atlanta (MID) Braves batting - Pitching for Lakewood BlueClaws : RHP Joe Morse
|
|
Batting: RHB David Zelaya
|
0-0: Ground out 4-3 (Groundball, 4, EV 76.9 MPH)
|
|
Batting: RHB Hisayuki Akiyama
|
0-0: SINGLE (Groundball, 6MD, EV 95.0 MPH)
|
|
Batting: SHB Ian Arlotta
|
0-0: Ball Hisayuki Akiyama steals 2nd base 1-0: Ball 2-0: Ball 3-0: Base on Balls
|
|
Batting: LHB Erik Gretzky
|
0-0: Ball Hisayuki Akiyama steals 3rd base (no throw) Ian Arlotta to second 1-0: Intentional Walk
|
|
Batting: LHB Ben Goldstein
|
0-0: Ball 1-0: Fly out, F4 (Popup, 4, EV 70.0 MPH)
|
|
Batting: RHB Jose Ramos
|
0-0: Called Strike 0-1: Ball 1-1: TRIPLE (Line Drive, 89XD, EV 105.0 MPH) Hisayuki Akiyama scores Ian Arlotta scores Erik Gretzky scores
|
|
Pitching: RHP Jonathan Beishline
|
|
|
Batting: RHB Badr al Din Ridha
|
0-0: Called Strike 0-1: Foul Ball, location: 2F 0-2: Strikes out swinging
|
| Bottom of the 5th over - 3 runs, 2 hits, 0 errors, 1 left on base; Lakewood 0 - Atlanta (MID) 5 |
| TOP OF THE 6TH |
|
Lakewood BlueClaws batting - Pitching for Atlanta (MID) Braves : LHP Brian Gregory
|
|
Batting: RHB Pedro Mata
|
0-0: Called Strike 0-1: Swinging Strike 0-2: Strikes out looking
|
|
Batting: RHB Joe Hewitt
|
0-0: SINGLE (Groundball, 4MD, EV 106.2 MPH) (infield hit)
|
|
Batting: RHB Mark Schultz
|
0-0: Ball Joe Hewitt steals 2nd base 1-0: Foul Ball, location: 2F 1-1: Ground out 4-3 (Groundball, 4, EV 110.0 MPH) Joe Hewitt to third
|
|
Batting: RHB Victor Arroyo
|
0-0: Ball 1-0: Foul Ball, location: 2F 1-1: Fly out, F9 (Flyball, 9, EV 86.2 MPH)
|
| Top of the 6th over - 0 runs, 1 hit, 0 errors, 1 left on base; Lakewood 0 - Atlanta (MID) 5 |
| BOTTOM OF THE 6TH |
|
Atlanta (MID) Braves batting - Pitching for Lakewood BlueClaws : RHP Jonathan Beishline
|
|
Batting: RHB Mike Shook
|
0-0: Called Strike 0-1: Foul Ball, location: 2F 0-2: Foul Ball, location: 2F 0-2: Ball 1-2: Foul Ball, location: 2F 1-2: Ball 2-2: Ground out 6-3 (Groundball, 6, EV 85.6 MPH)
|
|
Batting: RHB Ingidayehu Lagat
|
0-0: Foul Ball, location: 2F 0-1: SOLO HOME RUN (Flyball, 7D, EV 95.6 MPH), Distance : 382 ft
|
|
Batting: RHB David Zelaya
|
0-0: Swinging Strike 0-1: Ball 1-1: SOLO HOME RUN (Flyball, 89XD, EV 96.9 MPH), Distance : 390 ft
|
|
Batting: RHB Hisayuki Akiyama
|
0-0: Ball 1-0: Called Strike 1-1: Ball 2-1: Foul Ball, location: 2F 2-2: Ball 3-2: Strikes out swinging
|
|
Batting: SHB Ian Arlotta
|
0-0: Called Strike 0-1: Ground out 4-3 (Groundball, 4, EV 83.8 MPH)
|
| Bottom of the 6th over - 2 runs, 2 hits, 0 errors, 0 left on base; Lakewood 0 - Atlanta (MID) 7 |
| TOP OF THE 7TH |
|
Lakewood BlueClaws batting - Pitching for Atlanta (MID) Braves : LHP Brian Gregory
|
|
Batting: LHB Alex Fernandez
|
0-0: Ground out 4-3 (Groundball, 4, EV 101.2 MPH)
|
|
Batting: RHB Pablo Lopez
|
0-0: Foul Ball, location: 2F 0-1: Fly out, F6 (Line Drive, 6, EV 66.9 MPH)
|
|
Batting: SHB Brett St. Clair
|
0-0: Ball 1-0: Fly out, F9 (Flyball, 9, EV 73.1 MPH)
|
| Top of the 7th over - 0 runs, 0 hits, 0 errors, 0 left on base; Lakewood 0 - Atlanta (MID) 7 |
| BOTTOM OF THE 7TH |
|
Atlanta (MID) Braves batting - Pitching for Lakewood BlueClaws : RHP Jonathan Beishline
|
|
Batting: LHB Erik Gretzky
|
0-0: Ball 1-0: Ball 2-0: Called Strike 2-1: Called Strike 2-2: Foul Ball, location: 2F 2-2: Strikes out looking
|
|
Batting: LHB Ben Goldstein
|
0-0: Foul Ball, location: 2F 0-1: Swinging Strike 0-2: Ball 1-2: Ball 2-2: Ball 3-2: Foul Ball, location: 2F 3-2: Strikes out swinging, 2-3 out at first.
|
|
Batting: RHB Jose Ramos
|
0-0: Ball 1-0: Swinging Strike 1-1: Ball 2-1: Ball 3-1: Base on Balls
|
|
Batting: RHB Badr al Din Ridha
|
0-0: Called Strike 0-1: Called Strike 0-2: Ball 1-2: Strikes out swinging
|
| Bottom of the 7th over - 0 runs, 0 hits, 0 errors, 1 left on base; Lakewood 0 - Atlanta (MID) 7 |
| TOP OF THE 8TH |
|
Lakewood BlueClaws batting - Pitching for Atlanta (MID) Braves : LHP Brian Gregory
|
|
Batting: RHB Vaclav Been
|
0-0: Ground out 6-3 (Groundball, 6, EV 99.4 MPH)
|
|
Batting: RHB Frank Shelton
|
0-0: Called Strike 0-1: Fly out, F8 (Line Drive, 8RD, EV 104.4 MPH)
|
|
Batting: RHB Pedro Mata
|
0-0: Ball 1-0: Swinging Strike 1-1: Ball 2-1: Fly out, F9 (Flyball, 9S, EV 93.8 MPH)
|
| Top of the 8th over - 0 runs, 0 hits, 0 errors, 0 left on base; Lakewood 0 - Atlanta (MID) 7 |
| BOTTOM OF THE 8TH |
|
Atlanta (MID) Braves batting - Pitching for Lakewood BlueClaws : RHP Jonathan Beishline
|
|
Batting: RHB Mike Shook
|
0-0: Ball 1-0: Ball 2-0: Ground out 4-3 (Groundball, 4M, EV 83.1 MPH)
|
|
Pitching: LHP Chris Burch
|
|
|
Batting: RHB Ingidayehu Lagat
|
0-0: Ball 1-0: Ball 2-0: Foul Ball, location: 2F 2-1: Hit by Pitch
|
|
Batting: RHB David Zelaya
|
0-0: Ball 1-0: Ball 2-0: Ball 3-0: Base on Balls Ingidayehu Lagat to second
|
|
Batting: RHB Hisayuki Akiyama
|
0-0: Called Strike 0-1: 3-RUN HOME RUN (Flyball, 7LD, EV 95.0 MPH), Distance : 342 ft
|
|
Batting: SHB Ian Arlotta
|
0-0: Ball 1-0: Ball 2-0: Ball 3-0: Base on Balls
|
|
Batting: LHB Erik Gretzky
|
0-0: Ball 1-0: Ball 2-0: Foul Ball, location: 2F 2-1: Ball 3-1: Base on Balls Ian Arlotta to second
|
|
Batting: LHB Ben Goldstein
|
0-0: Foul Ball, location: 2F 0-1: Ball 1-1: Ball 2-1: Ball 3-1: Base on Balls Ian Arlotta to third Erik Gretzky to second
|
|
Batting: RHB Jose Ramos
|
0-0: Called Strike 0-1: Called Strike 0-2: TRIPLE (Groundball, 5L, EV 101.2 MPH) Ian Arlotta scores Erik Gretzky scores Ben Goldstein scores
|
|
Pitching: RHP Francisco Tejada
|
|
|
Batting: RHB Badr al Din Ridha
|
0-0: Ball 1-0: Foul Ball, location: 2F 1-1: Ball 2-1: Ball 3-1: Called Strike 3-2: Foul Ball, location: 2F 3-2: Foul Ball, location: 2F 3-2: Base on Balls
|
|
Batting: RHB Mike Shook
|
0-0: Ball 1-0: Swinging Strike 1-1: Called Strike 1-2: Strikes out swinging
|
|
Batting: RHB Ingidayehu Lagat
|
0-0: Swinging Strike 0-1: Foul Ball, location: 2F 0-2: Strikes out looking
|
| Bottom of the 8th over - 6 runs, 2 hits, 0 errors, 2 left on base; Lakewood 0 - Atlanta (MID) 13 |
| TOP OF THE 9TH |
|
Lakewood BlueClaws batting - Pitching for Atlanta (MID) Braves : LHP Brian Gregory
|
|
Batting: RHB Joe Hewitt
|
0-0: Ball 1-0: Ball 2-0: Fly out, F8 (Flyball, 8LD, EV 92.5 MPH)
|
|
Batting: RHB Mark Schultz
|
0-0: Ball 1-0: Foul Ball, location: 2F 1-1: Swinging Strike 1-2: Strikes out swinging
|
|
Batting: RHB Victor Arroyo
|
0-0: Ball 1-0: Ball 2-0: Foul Ball, location: 2F 2-1: Ball 3-1: Called Strike 3-2: Foul Ball, location: 2F 3-2: Base on Balls
|
|
Batting: LHB Alex Fernandez
|
0-0: Called Strike 0-1: Ball 1-1: Ball 2-1: Foul Ball, location: 2F 2-2: Strikes out swinging
|
| Top of the 9th over - 0 runs, 0 hits, 0 errors, 1 left on base; Lakewood 0 - Atlanta (MID) 13 |
|